[ PARTIDA AOE2 · #477157394 ]
UnrankedEspañoles vs Khmer
[ ANÁLISIS DE REPETICIÓN · EXTRAÍDO DE LA PARTIDA GRABADA ]
Feudal
17:13
Castillos
25:37
Imperial
40:40
| APM promedio | 19.7 |
| APM pico | 69 |
| eAPM promedio | 14.3 |
| Aldeanos / militares | 86 / 286 |
Foco
⚔️ 52.6% · 🌾 47.4%
Conquistador ×118 · Spearman ×108 · Bombard Cannon ×30 · Hand Cannoneer ×17 · Missionary ×8 · Monk ×5
Feudal
12:36
Castillos
30:42
Imperial
48:09
| APM promedio | 36.5 |
| APM pico | 98 |
| eAPM promedio | 19.8 |
| Aldeanos / militares | 109 / 210 |
Foco
⚔️ 27.8% · 🌾 72.2%
Battle Elephant ×118 · Ballista Elephant ×75 · Trade Cart ×64 · Scout Cavalry ×16 · Fishing Ship ×10 · Monk ×1
Feudal
—
Castillos
—
Imperial
—
| APM promedio | 42.7 |
| APM pico | 116 |
| eAPM promedio | 30.4 |
| Aldeanos / militares | 167 / 204 |
Foco
⚔️ 16.5% · 🌾 83.5%
Coustillier ×94 · Spearman ×35 · Scout Cavalry ×25 · Bombard Cannon ×19 · Scorpion ×15 · Flemish Militia ×15
Feudal
14:20
Castillos
21:56
Imperial
37:41
| APM promedio | 11.3 |
| APM pico | 26 |
| eAPM promedio | 8.7 |
| Aldeanos / militares | 101 / 301 |
Foco
⚔️ 33.9% · 🌾 66.1%
Knight ×147 · Hand Cannoneer ×137 · Trade Cart ×28 · Bombard Cannon ×6 · Militia ×4 · Cannon Galleon ×3
Feudal
17:15
Castillos
38:07
Imperial
43:17
| APM promedio | 24.4 |
| APM pico | 57 |
| eAPM promedio | 21.6 |
| Aldeanos / militares | 150 / 452 |
Foco
⚔️ 39.6% · 🌾 60.4%
Spearman ×115 · Militia ×112 · Steppe Lancer ×99 · Scorpion ×85 · Fishing Ship ×19 · Keshik ×15
Feudal
13:00
Castillos
17:27
Imperial
33:14
| APM promedio | 29.2 |
| APM pico | 102 |
| eAPM promedio | 20.8 |
| Aldeanos / militares | 154 / 256 |
Foco
⚔️ 36.5% · 🌾 63.5%
Janissary ×128 · Scout Cavalry ×111 · Trade Cart ×52 · Bombard Cannon ×17
Feudal
19:02
Castillos
34:19
Imperial
47:48
| APM promedio | 7.6 |
| APM pico | 23 |
| eAPM promedio | 5.3 |
| Aldeanos / militares | 78 / 13 |
Foco
⚔️ 10.3% · 🌾 89.7%
Kipchak ×6 · Fire Galley ×4 · Mangonel ×3
Feudal
15:44
Castillos
27:45
Imperial
40:21
| APM promedio | 17.2 |
| APM pico | 60 |
| eAPM promedio | 12.1 |
| Aldeanos / militares | 76 / 238 |
Foco
⚔️ 34.6% · 🌾 65.4%
Ballista Elephant ×107 · Archer ×80 · Trade Cart ×17 · Battle Elephant ×17 · Spearman ×13 · Militia ×11
Mapa de la partida
Recursos iniciales + cada clic de construcción. Líneas = muros · curvas = relieve. ◆ oro · ⬟ piedra · ● bayas · ✦ reliquia · ◌ hueco del cierre
Tu base· ✓ Cerrada en 25:37 · 9t muro · sin puerta
Base de Rwibby· ✓ Cerrada en 30:42 · 13t muro · sin puerta
Base de Pugilist7307· ✓ Cerrada en 17:40 · 0t muro · sin puerta
Base de Schöni· ✓ Cerrada en 21:56 · 29t muro · sin puerta
Base de Long Pause· ✓ Cerrada en 38:07 · 92t muro · 2 puerta(s)
Base de ary_vamc97· ✓ Cerrada en 17:27 · 0t muro · frágil
Base de @_gatilho· ✓ Cerrada en 34:19 · 10t muro · sin puerta
Base de Shark· ✓ Cerrada en 27:45 · 50t muro · sin puerta
Terreno inicial suavizado · ◌ = hueco del cierre detectado · pasá el cursor para detalles
Inputs por minuto
— friend - - Rwibby
Build order — friend
Primeras 150 de 538 acciones detectadas
| 0:28 | Construir | House |
| 0:36 | Crear | Villager (Male) |
| 0:36 | Crear | Villager (Male) |
| 0:36 | Crear | Villager (Male) |
| 0:36 | Crear | Villager (Male) |
| 0:50 | Construir | House |
| 1:30 | Construir | Palisade Wall |
| 1:43 | Investigar | Loom |
| 1:50 | Construir | Mill |
| 3:16 | Construir | Outpost |
| 5:41 | Crear | Villager (Male) |
| 5:41 | Crear | Villager (Male) |
| 5:41 | Crear | Villager (Male) |
| 5:42 | Crear | Villager (Male) |
| 6:25 | Crear | Villager (Male) |
| 6:25 | Crear | Villager (Male) |
| 6:54 | Crear | Villager (Male) |
| 6:54 | Crear | Villager (Male) |
| 6:54 | Crear | Villager (Male) |
| 7:38 | Crear | Villager (Male) |
| 7:38 | Crear | Villager (Male) |
| 7:42 | Construir | House |
| 7:51 | Construir | House |
| 7:54 | Crear | Villager (Male) |
| 7:54 | Crear | Villager (Male) |
| 8:45 | Crear | Villager (Male) |
| 8:45 | Crear | Villager (Male) |
| 9:45 | Crear | Villager (Male) |
| 9:45 | Crear | Villager (Male) |
| 10:36 | Crear | Villager (Male) |
| 10:52 | Crear | Villager (Male) |
| 11:14 | Construir | Mill |
| 11:21 | Crear | Villager (Male) |
| 11:49 | Crear | Villager (Male) |
| 12:10 | Crear | Villager (Male) |
| 12:45 | Crear | Villager (Male) |
| 12:51 | Construir | House |
| 13:15 | Construir | House |
| 13:18 | Construir | House |
| 13:20 | Crear | Villager (Male) |
| 13:20 | Crear | Villager (Male) |
| 13:27 | Construir | Lumber Camp |
| 13:44 | Construir | Mining Camp |
| 14:07 | Crear | Villager (Male) |
| 15:03 | Investigar | Feudal Age |
| 15:48 | Construir | Dock |
| 16:27 | Crear | Fishing Ship |
| 16:27 | Crear | Fishing Ship |
| 17:13 | Edad | Edad Feudal |
| 17:15 | Investigar | Wheelbarrow |
| 17:17 | Investigar | Horse Collar |
| 17:20 | Investigar | Double-Bit Axe |
| 18:08 | Construir | Farm |
| 18:12 | Construir | Farm |
| 18:18 | Construir | Farm |
| 18:22 | Construir | Farm |
| 18:46 | Crear | Villager (Male) |
| 18:47 | Crear | Villager (Male) |
| 18:56 | Crear | Villager (Male) |
| 18:56 | Crear | Villager (Male) |
| 18:59 | Crear | Villager (Male) |
| 18:59 | Crear | Villager (Male) |
| 19:26 | Construir | Farm |
| 19:31 | Construir | Farm |
| 19:33 | Construir | Farm |
| 19:37 | Construir | Farm |
| 19:59 | Construir | Farm |
| 20:15 | Construir | Farm |
| 20:22 | Construir | Farm |
| 20:39 | Construir | Mining Camp |
| 21:17 | Crear | Villager (Male) |
| 21:22 | Construir | Blacksmith |
| 21:34 | Crear | Villager (Male) |
| 21:54 | Construir | Market |
| 21:57 | Crear | Villager (Male) |
| 22:08 | Investigar | Gold Mining |
| 22:16 | Investigar | Town Watch |
| 22:31 | Construir | House |
| 22:36 | Construir | House |
| 22:40 | Investigar | Castle Age |
| 23:11 | Construir | Barracks |
| 23:59 | Construir | House |
| 24:02 | Construir | House |
| 24:28 | Construir | Archery Range |
| 24:36 | Investigar | Forging |
| 24:37 | Investigar | Fletching |
| 24:44 | Investigar | Stone Mining |
| 24:54 | Construir | House |
| 25:23 | Construir | Stable |
| 25:37 | Edad | Edad de los Castillos |
| 25:39 | Investigar | Hand Cart |
| 25:41 | Investigar | Heavy Plow |
| 26:15 | Construir | Monastery |
| 26:22 | Crear | Villager (Male) |
| 26:22 | Crear | Villager (Male) |
| 26:43 | Crear | Monk |
| 27:00 | Construir | Town Center |
| 27:11 | Construir | Town Center |
| 27:28 | Investigar | Fervor |
| 27:33 | Construir | University |
| 27:52 | Investigar | Stone Shaft Mining |
| 27:54 | Investigar | Bodkin Arrow |
| 28:18 | Crear | Villager (Male) |
| 28:18 | Crear | Villager (Male) |
| 28:23 | Crear | Villager (Male) |
| 28:23 | Crear | Villager (Male) |
| 28:32 | Crear | Monk |
| 28:44 | Investigar | Bloodlines |
| 28:57 | Crear | Villager (Male) |
| 29:02 | Crear | Villager (Male) |
| 29:02 | Crear | Villager (Male) |
| 29:09 | Construir | Town Center |
| 29:14 | Crear | Villager (Male) |
| 29:15 | Crear | Villager (Male) |
| 30:02 | Investigar | Murder Holes |
| 30:06 | Crear | Villager (Male) |
| 30:06 | Crear | Villager (Male) |
| 30:17 | Crear | Monk |
| 30:30 | Crear | Villager (Male) |
| 30:31 | Crear | Villager (Male) |
| 30:59 | Crear | Villager (Male) |
| 30:59 | Crear | Villager (Male) |
| 30:59 | Crear | Villager (Male) |
| 31:04 | Crear | Villager (Male) |
| 31:05 | Crear | Villager (Male) |
| 31:08 | Crear | Villager (Male) |
| 31:09 | Crear | Villager (Male) |
| 31:13 | Construir | Farm |
| 32:05 | Construir | Farm |
| 32:07 | Crear | Villager (Male) |
| 32:07 | Crear | Villager (Male) |
| 32:11 | Investigar | Ballistics |
| 32:17 | Crear | Villager (Male) |
| 32:17 | Crear | Villager (Male) |
| 32:23 | Crear | Villager (Male) |
| 32:23 | Crear | Villager (Male) |
| 32:34 | Investigar | Masonry |
| 33:18 | Construir | Farm |
| 33:21 | Construir | Farm |
| 33:23 | Investigar | Town Patrol |
| 33:29 | Construir | Farm |
| 33:31 | Construir | Farm |
| 33:35 | Crear | Villager (Male) |
| 33:36 | Crear | Villager (Male) |
| 33:40 | Crear | Villager (Male) |
| 33:40 | Crear | Villager (Male) |
| 33:53 | Investigar | Squires |
| 34:06 | Construir | Farm |
| 34:08 | Crear | Villager (Male) |
| 34:08 | Crear | Villager (Male) |
Build order — Rwibby
Primeras 150 de 591 acciones detectadas
| 0:12 | Construir | House |
| 0:14 | Construir | House |
| 0:17 | Crear | Villager (Male) |
| 0:17 | Crear | Villager (Male) |
| 0:17 | Crear | Villager (Male) |
| 0:17 | Crear | Villager (Male) |
| 0:18 | Crear | Villager (Male) |
| 1:45 | Crear | Villager (Male) |
| 2:19 | Construir | Lumber Camp |
| 2:22 | Crear | Villager (Male) |
| 2:23 | Crear | Villager (Male) |
| 3:03 | Crear | Villager (Male) |
| 3:03 | Crear | Villager (Male) |
| 3:13 | Construir | House |
| 3:13 | Construir | House |
| 3:17 | Crear | Villager (Male) |
| 3:17 | Crear | Villager (Male) |
| 3:41 | Crear | Villager (Male) |
| 4:06 | Crear | Villager (Male) |
| 4:19 | Crear | Villager (Male) |
| 4:19 | Crear | Villager (Male) |
| 4:32 | Construir | Farm |
| 5:02 | Crear | Villager (Male) |
| 5:02 | Crear | Villager (Male) |
| 5:28 | Crear | Villager (Male) |
| 5:54 | Construir | Dock |
| 6:13 | Crear | Villager (Male) |
| 6:13 | Crear | Villager (Male) |
| 6:36 | Crear | Villager (Male) |
| 6:40 | Construir | Farm |
| 6:48 | Crear | Fishing Ship |
| 6:53 | Crear | Villager (Male) |
| 7:11 | Crear | Fishing Ship |
| 8:07 | Construir | House |
| 8:08 | Construir | House |
| 8:10 | Construir | House |
| 8:15 | Crear | Villager (Male) |
| 8:16 | Crear | Villager (Male) |
| 8:21 | Investigar | Loom |
| 8:28 | Construir | Barracks |
| 8:48 | Crear | Fishing Ship |
| 8:52 | Crear | Villager (Male) |
| 8:52 | Crear | Villager (Male) |
| 9:56 | Construir | House |
| 9:56 | Construir | House |
| 9:57 | Construir | House |
| 9:57 | Construir | House |
| 10:02 | Crear | Fishing Ship |
| 10:03 | Crear | Fishing Ship |
| 10:26 | Investigar | Feudal Age |
| 10:56 | Crear | Fishing Ship |
| 11:10 | Construir | House |
| 11:11 | Construir | House |
| 11:11 | Construir | House |
| 11:11 | Construir | House |
| 11:11 | Construir | House |
| 11:16 | Construir | Mining Camp |
| 11:50 | Crear | Fishing Ship |
| 12:18 | Construir | Mining Camp |
| 12:36 | Edad | Edad Feudal |
| 12:44 | Crear | Villager (Male) |
| 12:44 | Crear | Villager (Male) |
| 12:44 | Crear | Villager (Male) |
| 12:44 | Crear | Villager (Male) |
| 12:45 | Crear | Villager (Male) |
| 12:45 | Crear | Villager (Male) |
| 12:48 | Crear | Villager (Male) |
| 13:29 | Construir | Stone Wall |
| 14:45 | Construir | Farm |
| 14:48 | Construir | Farm |
| 14:53 | Crear | Villager (Male) |
| 14:53 | Crear | Villager (Male) |
| 14:53 | Crear | Villager (Male) |
| 15:31 | Investigar | Double-Bit Axe |
| 15:52 | Construir | Watch Tower |
| 16:02 | Crear | Villager (Male) |
| 16:02 | Crear | Villager (Male) |
| 16:02 | Crear | Villager (Male) |
| 16:30 | Construir | Stable |
| 16:44 | Crear | Villager (Male) |
| 16:48 | Construir | Fish Trap |
| 17:21 | Crear | Villager (Male) |
| 17:21 | Crear | Villager (Male) |
| 17:21 | Crear | Villager (Male) |
| 17:25 | Crear | Scout Cavalry |
| 17:25 | Crear | Scout Cavalry |
| 17:34 | Construir | Market |
| 17:58 | Crear | Villager (Male) |
| 18:04 | Construir | Fish Trap |
| 18:33 | Construir | Stable |
| 18:52 | Crear | Villager (Male) |
| 19:01 | Investigar | Stone Mining |
| 19:09 | Construir | Fish Trap |
| 19:24 | Crear | Villager (Male) |
| 19:29 | Construir | Farm |
| 19:36 | Construir | Fish Trap |
| 19:38 | Construir | Fish Trap |
| 19:40 | Construir | Fish Trap |
| 19:43 | Construir | Fish Trap |
| 20:06 | Crear | Scout Cavalry |
| 20:06 | Crear | Scout Cavalry |
| 20:06 | Crear | Scout Cavalry |
| 20:13 | Crear | Scout Cavalry |
| 20:13 | Crear | Scout Cavalry |
| 20:34 | Construir | Stable |
| 20:51 | Crear | Scout Cavalry |
| 20:51 | Crear | Scout Cavalry |
| 20:51 | Crear | Scout Cavalry |
| 21:09 | Construir | Mining Camp |
| 21:15 | Construir | Farm |
| 21:16 | Construir | Farm |
| 21:34 | Construir | Farm |
| 21:47 | Construir | Farm |
| 21:48 | Crear | Villager (Male) |
| 21:48 | Crear | Villager (Male) |
| 21:48 | Crear | Villager (Male) |
| 21:53 | Crear | Villager (Male) |
| 22:19 | Construir | Watch Tower |
| 22:27 | Construir | Watch Tower |
| 22:36 | Construir | Watch Tower |
| 23:24 | Construir | Watch Tower |
| 23:32 | Crear | Scout Cavalry |
| 23:32 | Crear | Scout Cavalry |
| 23:32 | Crear | Scout Cavalry |
| 23:32 | Crear | Scout Cavalry |
| 23:33 | Crear | Scout Cavalry |
| 23:33 | Crear | Scout Cavalry |
| 24:00 | Crear | Villager (Male) |
| 24:00 | Crear | Villager (Male) |
| 24:01 | Crear | Villager (Male) |
| 25:16 | Construir | Watch Tower |
| 25:25 | Construir | Mining Camp |
| 25:31 | Investigar | Gold Mining |
| 25:44 | Construir | Watch Tower |
| 25:45 | Construir | Watch Tower |
| 26:08 | Construir | Lumber Camp |
| 26:10 | Construir | Lumber Camp |
| 26:14 | Investigar | Bloodlines |
| 26:14 | Investigar | Bloodlines |
| 26:19 | Construir | Lumber Camp |
| 26:26 | Construir | Farm |
| 26:27 | Construir | Farm |
| 26:29 | Construir | Farm |
| 26:31 | Construir | Farm |
| 26:45 | Construir | Farm |
| 27:56 | Construir | Blacksmith |
| 28:02 | Investigar | Castle Age |
| 28:14 | Crear | Fishing Ship |
| 28:20 | Crear | Fishing Ship |
| 28:23 | Crear | Fishing Ship |
Build order — Pugilist7307
Primeras 150 de 553 acciones detectadas
| 0:09 | Construir | House |
| 0:10 | Construir | House |
| 0:25 | Crear | Villager (Male) |
| 0:26 | Crear | Villager (Male) |
| 0:52 | Crear | Villager (Male) |
| 1:36 | Crear | Villager (Male) |
| 2:05 | Crear | Villager (Male) |
| 2:33 | Crear | Villager (Male) |
| 2:59 | Crear | Villager (Male) |
| 3:08 | Construir | Lumber Camp |
| 3:17 | Crear | Villager (Male) |
| 3:47 | Crear | Villager (Male) |
| 3:57 | Construir | House |
| 4:14 | Crear | Villager (Male) |
| 4:52 | Investigar | Loom |
| 4:55 | Crear | Villager (Male) |
| 5:25 | Crear | Villager (Male) |
| 6:01 | Crear | Villager (Male) |
| 6:16 | Construir | Mill |
| 6:41 | Construir | House |
| 6:43 | Construir | House |
| 6:52 | Crear | Villager (Male) |
| 7:04 | Crear | Villager (Male) |
| 7:46 | Crear | Villager (Male) |
| 8:18 | Construir | Mill |
| 8:23 | Crear | Villager (Male) |
| 8:33 | Crear | Villager (Male) |
| 8:59 | Crear | Villager (Male) |
| 9:27 | Construir | Mining Camp |
| 9:33 | Crear | Villager (Male) |
| 9:51 | Investigar | Feudal Age |
| 10:46 | Construir | House |
| 11:28 | Construir | Barracks |
| 12:19 | Crear | Villager (Male) |
| 12:19 | Crear | Villager (Male) |
| 12:46 | Construir | Market |
| 13:00 | Construir | Blacksmith |
| 13:03 | Crear | Villager (Male) |
| 13:08 | Crear | Villager (Male) |
| 13:19 | Construir | House |
| 14:05 | Construir | Farm |
| 14:09 | Construir | Farm |
| 14:10 | Construir | Farm |
| 14:12 | Construir | Farm |
| 14:26 | Crear | Villager (Male) |
| 14:36 | Construir | Farm |
| 14:39 | Crear | Villager (Male) |
| 15:17 | Construir | Farm |
| 15:21 | Construir | Farm |
| 15:23 | Construir | Farm |
| 15:31 | Crear | Villager (Male) |
| 15:50 | Construir | Stable |
| 16:02 | Construir | Farm |
| 16:21 | Construir | Farm |
| 16:25 | Construir | Farm |
| 16:27 | Construir | Farm |
| 16:28 | Construir | Farm |
| 16:33 | Crear | Villager (Male) |
| 17:17 | Construir | Stable |
| 17:25 | Crear | Villager (Male) |
| 17:40 | Investigar | Castle Age |
| 17:58 | Construir | Mining Camp |
| 18:06 | Investigar | Double-Bit Axe |
| 18:15 | Crear | Flemish Militia |
| 18:41 | Construir | Farm |
| 18:45 | Construir | Farm |
| 18:46 | Construir | Farm |
| 19:12 | Investigar | Scale Barding Armor |
| 19:14 | Crear | Trade Cart |
| 19:49 | Investigar | Horse Collar |
| 20:01 | Construir | Lumber Camp |
| 20:17 | Construir | Mining Camp |
| 20:37 | Construir | Town Center |
| 20:44 | Crear | Villager (Male) |
| 20:44 | Crear | Villager (Male) |
| 20:50 | Investigar | Cavalier (upgrade) |
| 21:03 | Investigar | Bow Saw |
| 21:11 | Crear | Villager (Male) |
| 21:22 | Construir | House |
| 21:26 | Construir | House |
| 21:30 | Crear | Villager (Male) |
| 21:46 | Construir | Farm |
| 21:50 | Crear | Villager (Male) |
| 22:21 | Crear | Villager (Male) |
| 22:21 | Crear | Villager (Male) |
| 22:26 | Crear | Villager (Male) |
| 22:35 | Construir | Farm |
| 22:41 | Investigar | Husbandry |
| 22:57 | Construir | Town Center |
| 23:03 | Crear | Villager (Male) |
| 23:07 | Crear | Villager (Male) |
| 23:15 | Construir | Farm |
| 23:25 | Crear | Villager (Male) |
| 23:36 | Crear | Villager (Male) |
| 23:39 | Crear | Villager (Male) |
| 24:00 | Crear | Villager (Male) |
| 24:03 | Crear | Villager (Male) |
| 24:17 | Crear | Villager (Male) |
| 24:28 | Investigar | Two-Man Saw |
| 24:33 | Crear | Villager (Male) |
| 24:42 | Construir | Farm |
| 24:47 | Crear | Villager (Male) |
| 24:50 | Crear | Villager (Male) |
| 25:05 | Construir | House |
| 25:09 | Construir | House |
| 25:11 | Crear | Villager (Male) |
| 25:16 | Crear | Villager (Male) |
| 25:19 | Crear | Villager (Male) |
| 25:28 | Construir | Farm |
| 25:32 | Construir | Farm |
| 25:34 | Construir | Farm |
| 25:47 | Crear | Villager (Male) |
| 25:49 | Crear | Villager (Male) |
| 25:53 | Crear | Villager (Male) |
| 26:17 | Construir | House |
| 26:19 | Construir | House |
| 26:29 | Construir | Barracks |
| 26:35 | Crear | Villager (Male) |
| 26:38 | Crear | Villager (Male) |
| 26:41 | Crear | Villager (Male) |
| 26:54 | Construir | Town Center |
| 27:00 | Crear | Villager (Male) |
| 27:02 | Crear | Villager (Male) |
| 27:04 | Crear | Villager (Male) |
| 27:30 | Construir | Monastery |
| 27:36 | Crear | Villager (Male) |
| 27:40 | Crear | Villager (Male) |
| 27:43 | Crear | Villager (Male) |
| 27:51 | Construir | Farm |
| 27:56 | Construir | Farm |
| 27:58 | Construir | Farm |
| 28:00 | Construir | Farm |
| 28:03 | Crear | Villager (Male) |
| 28:06 | Crear | Villager (Male) |
| 28:11 | Crear | Villager (Male) |
| 28:18 | Crear | Villager (Male) |
| 28:18 | Crear | Villager (Male) |
| 28:28 | Crear | Monk |
| 28:47 | Construir | Barracks |
| 28:51 | Investigar | Pikeman (upgrade) |
| 28:54 | Crear | Villager (Male) |
| 28:57 | Crear | Villager (Male) |
| 29:01 | Crear | Villager (Male) |
| 29:08 | Crear | Villager (Male) |
| 29:09 | Crear | Villager (Male) |
| 29:22 | Construir | Farm |
| 29:23 | Construir | Farm |
| 29:57 | Construir | Siege Workshop |
| 29:59 | Construir | Siege Workshop |
| 30:09 | Construir | Castle |
Build order — Schöni
Primeras 150 de 357 acciones detectadas
| 0:06 | Construir | House |
| 0:07 | Crear | Villager (Male) |
| 0:07 | Crear | Villager (Male) |
| 0:07 | Crear | Villager (Male) |
| 0:15 | Investigar | Loom |
| 0:40 | Crear | Villager (Male) |
| 1:07 | Construir | Palisade Wall |
| 1:34 | Construir | Palisade Wall |
| 2:37 | Construir | Palisade Wall |
| 2:46 | Crear | Villager (Male) |
| 2:47 | Crear | Villager (Male) |
| 2:58 | Construir | Lumber Camp |
| 3:22 | Construir | Palisade Wall |
| 4:06 | Construir | House |
| 4:08 | Construir | House |
| 4:11 | Crear | Villager (Male) |
| 4:12 | Crear | Villager (Male) |
| 4:48 | Crear | Villager (Male) |
| 5:06 | Crear | Villager (Male) |
| 5:40 | Crear | Villager (Male) |
| 6:21 | Construir | Mill |
| 6:26 | Crear | Villager (Male) |
| 6:53 | Crear | Villager (Male) |
| 7:30 | Crear | Villager (Male) |
| 8:08 | Crear | Villager (Male) |
| 8:09 | Crear | Villager (Male) |
| 8:42 | Construir | House |
| 8:46 | Crear | Villager (Male) |
| 9:43 | Crear | Villager (Male) |
| 10:01 | Construir | House |
| 10:31 | Construir | Mill |
| 10:46 | Crear | Villager (Male) |
| 10:47 | Crear | Villager (Male) |
| 10:53 | Construir | Barracks |
| 11:11 | Construir | Farm |
| 11:14 | Construir | Farm |
| 11:21 | Construir | Farm |
| 11:26 | Construir | Farm |
| 11:28 | Construir | Farm |
| 11:33 | Construir | Farm |
| 11:40 | Construir | Farm |
| 11:44 | Construir | Farm |
| 11:45 | Crear | Villager (Male) |
| 11:45 | Crear | Villager (Male) |
| 12:01 | Investigar | Feudal Age |
| 14:06 | Crear | Villager (Male) |
| 14:06 | Crear | Villager (Male) |
| 14:20 | Edad | Edad Feudal |
| 14:21 | Investigar | Double-Bit Axe |
| 14:22 | Investigar | Horse Collar |
| 14:28 | Crear | Villager (Male) |
| 14:45 | Construir | Farm |
| 14:49 | Construir | Farm |
| 14:51 | Crear | Villager (Male) |
| 14:52 | Crear | Villager (Male) |
| 14:58 | Construir | House |
| 14:59 | Construir | House |
| 16:08 | Construir | Farm |
| 16:14 | Construir | Mining Camp |
| 16:20 | Construir | Blacksmith |
| 16:26 | Construir | Market |
| 16:36 | Construir | Farm |
| 16:42 | Construir | Farm |
| 16:43 | Crear | Villager (Male) |
| 16:43 | Crear | Villager (Male) |
| 16:44 | Crear | Villager (Male) |
| 16:44 | Crear | Villager (Male) |
| 17:05 | Investigar | Gold Mining |
| 17:47 | Construir | Lumber Camp |
| 17:51 | Crear | Villager (Male) |
| 18:05 | Investigar | Stone Mining |
| 18:45 | Construir | Stone Wall |
| 18:56 | Construir | Stone Wall |
| 19:02 | Construir | Stone Wall |
| 19:07 | Crear | Villager (Male) |
| 19:08 | Crear | Villager (Male) |
| 19:10 | Investigar | Castle Age |
| 19:27 | Construir | House |
| 19:28 | Construir | House |
| 19:29 | Construir | House |
| 19:33 | Construir | House |
| 19:35 | Construir | House |
| 19:57 | Investigar | Man-at-Arms (upgrade) |
| 20:00 | Crear | Militia ×4 |
| 20:13 | Crear | Villager (Male) |
| 20:13 | Crear | Villager (Male) |
| 20:13 | Crear | Villager (Male) |
| 20:16 | Crear | Villager (Male) |
| 21:32 | Construir | Mining Camp |
| 21:41 | Investigar | Scale Mail Armor |
| 21:45 | Investigar | Forging |
| 21:56 | Edad | Edad de los Castillos |
| 22:22 | Crear | Villager (Male) |
| 22:35 | Construir | Town Center |
| 22:38 | Crear | Villager (Male) |
| 22:38 | Crear | Villager (Male) |
| 22:45 | Investigar | Stone Shaft Mining |
| 22:47 | Investigar | Heavy Plow |
| 22:50 | Investigar | Bow Saw |
| 23:05 | Crear | Trade Cart |
| 23:05 | Crear | Trade Cart |
| 23:06 | Crear | Trade Cart |
| 23:06 | Crear | Trade Cart |
| 23:15 | Crear | Villager (Male) |
| 23:16 | Crear | Villager (Male) |
| 23:24 | Construir | Gate |
| 23:37 | Crear | Villager (Male) |
| 24:44 | Crear | Villager (Male) ×5 |
| 24:46 | Investigar | Wheelbarrow |
| 24:56 | Construir | Monastery |
| 25:00 | Construir | University |
| 25:29 | Construir | Lumber Camp |
| 25:37 | Crear | Villager (Male) |
| 25:37 | Crear | Villager (Male) |
| 25:38 | Crear | Villager (Male) |
| 26:25 | Crear | Villager (Male) |
| 26:47 | Investigar | Ballistics |
| 26:48 | Investigar | Fortified Wall (upgrade) |
| 26:52 | Construir | Farm |
| 26:54 | Crear | Villager (Male) |
| 26:54 | Crear | Villager (Male) |
| 26:54 | Crear | Villager (Male) |
| 26:56 | Crear | Villager (Male) |
| 27:03 | Construir | Farm |
| 27:04 | Crear | Villager (Male) |
| 27:11 | Crear | Monk |
| 27:24 | Construir | Stable |
| 27:26 | Construir | Stable |
| 27:36 | Crear | Villager (Male) |
| 28:02 | Crear | Villager (Male) |
| 28:30 | Crear | Villager (Male) |
| 28:30 | Crear | Villager (Male) |
| 28:32 | Crear | Villager (Male) |
| 28:32 | Crear | Villager (Male) |
| 28:40 | Crear | Villager (Male) |
| 28:52 | Construir | Stable |
| 28:54 | Construir | Stable |
| 28:57 | Investigar | Scale Barding Armor |
| 29:06 | Construir | Farm |
| 29:10 | Construir | Farm |
| 29:19 | Investigar | Caravan |
| 29:20 | Crear | Trade Cart |
| 29:27 | Construir | Farm |
| 29:30 | Construir | Farm |
| 29:32 | Crear | Villager (Male) |
| 29:32 | Crear | Villager (Male) |
| 29:34 | Crear | Villager (Male) |
| 29:34 | Crear | Villager (Male) |
| 29:40 | Construir | House |
| 29:51 | Construir | House |
Build order — Long Pause
Primeras 150 de 635 acciones detectadas
| 0:07 | Investigar | Loom |
| 0:07 | Crear | Villager (Male) ×4 |
| 0:07 | Crear | Villager (Male) ×4 |
| 0:22 | Construir | House |
| 0:23 | Construir | House |
| 0:24 | Construir | House |
| 1:33 | Construir | Palisade Wall |
| 1:43 | Construir | Palisade Wall |
| 2:21 | Crear | Villager (Male) |
| 2:52 | Construir | Lumber Camp |
| 2:53 | Crear | Villager (Male) |
| 3:35 | Crear | Villager (Male) |
| 4:01 | Crear | Villager (Male) |
| 4:01 | Crear | Villager (Male) |
| 4:27 | Construir | Palisade Gate |
| 4:45 | Crear | Villager (Male) |
| 4:45 | Crear | Villager (Male) |
| 4:46 | Crear | Villager (Male) |
| 4:54 | Construir | House |
| 5:11 | Crear | Villager (Male) |
| 5:51 | Crear | Villager (Male) |
| 6:29 | Crear | Villager (Male) |
| 6:30 | Crear | Villager (Male) |
| 7:06 | Construir | Barracks |
| 7:18 | Crear | Villager (Male) |
| 7:18 | Crear | Villager (Male) |
| 7:18 | Crear | Villager (Male) |
| 8:00 | Crear | Villager (Male) |
| 8:01 | Crear | Villager (Male) |
| 8:01 | Crear | Villager (Male) |
| 8:55 | Construir | Barracks |
| 9:04 | Construir | Mining Camp |
| 9:27 | Construir | House |
| 9:56 | Construir | Mill |
| 10:29 | Crear | Villager (Male) |
| 10:30 | Crear | Villager (Male) |
| 10:52 | Construir | Palisade Wall |
| 10:54 | Construir | Palisade Wall |
| 11:01 | Construir | Palisade Gate |
| 11:19 | Crear | Militia |
| 11:20 | Crear | Militia |
| 11:20 | Crear | Militia |
| 11:41 | Crear | Villager (Male) |
| 11:48 | Construir | Lumber Camp |
| 12:06 | Crear | Villager (Male) |
| 12:21 | Construir | House |
| 12:43 | Construir | Palisade Wall |
| 13:08 | Crear | Militia |
| 13:08 | Crear | Militia |
| 14:02 | Construir | Mill |
| 15:05 | Investigar | Feudal Age |
| 15:56 | Construir | Barracks |
| 16:22 | Construir | Dock |
| 16:38 | Crear | Villager (Male) |
| 16:53 | Crear | Militia |
| 16:53 | Crear | Militia |
| 16:53 | Crear | Militia |
| 16:57 | Crear | Militia |
| 16:57 | Crear | Militia |
| 17:15 | Edad | Edad Feudal |
| 17:19 | Construir | Stable |
| 17:26 | Construir | Stable |
| 17:32 | Investigar | Man-at-Arms (upgrade) |
| 17:34 | Investigar | Arson |
| 17:36 | Crear | Villager (Male) |
| 17:39 | Investigar | Wheelbarrow |
| 17:46 | Construir | Mining Camp |
| 17:57 | Crear | Fishing Ship |
| 17:57 | Crear | Fishing Ship |
| 17:57 | Crear | Fishing Ship |
| 18:42 | Investigar | Tech 906 |
| 19:03 | Construir | Stone Wall |
| 19:17 | Construir | Barracks |
| 19:33 | Crear | Villager (Male) |
| 19:34 | Crear | Villager (Male) |
| 19:54 | Construir | Farm |
| 19:58 | Construir | Farm |
| 20:03 | Construir | Farm |
| 20:06 | Crear | Villager (Male) |
| 20:14 | Investigar | Double-Bit Axe |
| 20:44 | Construir | Watch Tower |
| 20:55 | Crear | Militia |
| 21:02 | Construir | Stone Wall |
| 21:04 | Construir | Stone Wall |
| 21:08 | Construir | Stone Wall |
| 21:17 | Crear | Militia |
| 21:17 | Crear | Militia |
| 21:17 | Crear | Militia |
| 21:24 | Crear | Villager (Male) |
| 21:24 | Crear | Villager (Male) |
| 21:29 | Crear | Fishing Ship |
| 21:29 | Crear | Fishing Ship |
| 21:29 | Crear | Fishing Ship |
| 21:30 | Crear | Fishing Ship |
| 21:39 | Construir | House |
| 21:39 | Construir | House |
| 21:39 | Construir | House |
| 21:40 | Construir | House |
| 21:40 | Construir | House |
| 21:40 | Construir | House |
| 21:56 | Crear | Militia |
| 21:57 | Crear | Militia |
| 22:16 | Crear | Militia |
| 22:16 | Crear | Militia |
| 22:44 | Crear | Militia |
| 22:44 | Crear | Militia |
| 23:01 | Crear | Militia |
| 23:11 | Crear | Militia |
| 23:11 | Crear | Militia |
| 23:42 | Crear | Scout Cavalry |
| 23:51 | Crear | Militia |
| 23:51 | Crear | Militia |
| 24:06 | Crear | Militia |
| 24:08 | Crear | Villager (Male) |
| 24:09 | Crear | Villager (Male) |
| 24:10 | Construir | Farm |
| 24:12 | Construir | Farm |
| 24:12 | Construir | Farm |
| 24:13 | Construir | Farm |
| 24:13 | Construir | Farm |
| 24:13 | Construir | Farm |
| 24:13 | Construir | Farm |
| 24:13 | Construir | Farm |
| 24:14 | Construir | Farm |
| 24:14 | Construir | Farm |
| 24:14 | Construir | Farm |
| 24:14 | Construir | Farm |
| 24:14 | Construir | Farm |
| 24:15 | Construir | Farm |
| 24:15 | Construir | Farm |
| 25:00 | Crear | Spearman |
| 25:01 | Crear | Spearman |
| 25:01 | Crear | Spearman |
| 25:01 | Crear | Spearman |
| 25:03 | Crear | Spearman |
| 25:03 | Crear | Spearman |
| 25:14 | Crear | Spearman |
| 25:25 | Crear | Fishing Ship |
| 25:35 | Investigar | Horse Collar |
| 25:38 | Crear | Villager (Male) |
| 25:38 | Crear | Villager (Male) |
| 25:38 | Crear | Villager (Male) |
| 26:04 | Construir | Stone Wall |
| 26:23 | Crear | Spearman |
| 26:24 | Crear | Spearman |
| 26:24 | Crear | Spearman |
| 26:24 | Crear | Spearman |
| 26:24 | Crear | Spearman |
| 26:57 | Crear | Villager (Male) |
| 26:58 | Crear | Villager (Male) |
Build order — ary_vamc97
Primeras 150 de 649 acciones detectadas
| 0:02 | Crear | Villager (Male) |
| 0:02 | Crear | Villager (Male) |
| 0:03 | Crear | Villager (Male) |
| 0:03 | Crear | Villager (Male) |
| 0:05 | Construir | House |
| 0:07 | Construir | House |
| 1:51 | Crear | Villager (Male) |
| 1:51 | Crear | Villager (Male) |
| 2:10 | Construir | Lumber Camp |
| 2:17 | Crear | Villager (Male) |
| 2:18 | Crear | Villager (Male) |
| 2:44 | Crear | Villager (Male) |
| 2:44 | Crear | Villager (Male) |
| 3:26 | Crear | Villager (Male) |
| 3:27 | Crear | Villager (Male) |
| 3:33 | Construir | House |
| 4:05 | Crear | Villager (Male) |
| 4:06 | Crear | Villager (Male) |
| 4:13 | Construir | Mill |
| 4:42 | Crear | Villager (Male) |
| 4:43 | Crear | Villager (Male) |
| 5:11 | Crear | Villager (Male) |
| 5:12 | Crear | Villager (Male) |
| 5:49 | Crear | Villager (Male) |
| 5:50 | Crear | Villager (Male) |
| 5:58 | Crear | Villager (Male) |
| 5:58 | Crear | Villager (Male) |
| 6:19 | Crear | Villager (Male) |
| 6:19 | Crear | Villager (Male) |
| 7:05 | Construir | Mill |
| 7:23 | Crear | Villager (Male) |
| 7:24 | Crear | Villager (Male) |
| 7:24 | Crear | Villager (Male) |
| 7:35 | Construir | House |
| 7:59 | Crear | Villager (Male) |
| 8:00 | Crear | Villager (Male) |
| 8:00 | Crear | Villager (Male) |
| 8:27 | Crear | Villager (Male) |
| 8:27 | Crear | Villager (Male) |
| 8:46 | Crear | Villager (Male) |
| 8:52 | Construir | Farm |
| 8:57 | Crear | Villager (Male) |
| 9:11 | Construir | House |
| 9:16 | Construir | Mining Camp |
| 10:32 | Investigar | Feudal Age |
| 10:33 | Investigar | Feudal Age |
| 10:52 | Construir | Farm |
| 10:54 | Construir | Farm |
| 10:55 | Construir | Farm |
| 10:58 | Construir | Farm |
| 11:08 | Crear | Villager (Male) |
| 13:00 | Edad | Edad Feudal |
| 13:03 | Construir | Market |
| 13:10 | Construir | Blacksmith |
| 14:28 | Construir | Farm |
| 14:29 | Construir | Farm |
| 14:29 | Construir | Farm |
| 14:30 | Construir | Farm |
| 14:30 | Construir | Farm |
| 14:30 | Construir | Farm |
| 14:33 | Crear | Villager (Male) |
| 14:45 | Investigar | Castle Age |
| 14:45 | Investigar | Castle Age |
| 14:54 | Investigar | Horse Collar |
| 14:56 | Investigar | Double-Bit Axe |
| 14:56 | Investigar | Double-Bit Axe |
| 15:00 | Investigar | Stone Mining |
| 15:00 | Investigar | Stone Mining |
| 16:39 | Construir | Farm |
| 16:42 | Construir | Farm |
| 16:43 | Construir | Farm |
| 16:46 | Construir | Farm |
| 16:51 | Investigar | Wheelbarrow |
| 16:51 | Crear | Villager (Male) |
| 17:03 | Crear | Villager (Male) |
| 17:04 | Crear | Villager (Male) |
| 17:06 | Crear | Villager (Male) |
| 17:06 | Crear | Villager (Male) |
| 17:27 | Edad | Edad de los Castillos |
| 17:37 | Construir | Town Center |
| 18:24 | Crear | Villager (Male) |
| 19:02 | Construir | Town Center |
| 19:05 | Construir | Town Center |
| 19:13 | Construir | Town Center |
| 19:15 | Crear | Villager (Male) |
| 19:15 | Crear | Villager (Male) |
| 19:16 | Crear | Villager (Male) |
| 19:17 | Crear | Villager (Male) |
| 19:23 | Crear | Villager (Male) |
| 19:25 | Crear | Villager (Male) |
| 20:07 | Crear | Villager (Male) |
| 20:07 | Crear | Villager (Male) |
| 20:07 | Crear | Villager (Male) |
| 20:07 | Crear | Villager (Male) |
| 20:21 | Crear | Villager (Male) |
| 20:25 | Investigar | Bow Saw |
| 20:39 | Construir | House |
| 20:51 | Construir | Farm |
| 20:52 | Construir | Farm |
| 20:53 | Construir | Farm |
| 20:55 | Crear | Villager (Male) |
| 20:55 | Crear | Villager (Male) |
| 20:57 | Crear | Villager (Male) |
| 21:08 | Crear | Villager (Male) |
| 21:10 | Crear | Villager (Male) |
| 21:14 | Crear | Villager (Male) |
| 21:14 | Crear | Villager (Male) |
| 21:58 | Crear | Villager (Male) |
| 21:59 | Crear | Villager (Male) |
| 21:59 | Crear | Villager (Male) |
| 22:04 | Crear | Villager (Male) |
| 22:05 | Crear | Villager (Male) |
| 22:37 | Construir | House |
| 22:39 | Construir | House |
| 22:39 | Construir | House |
| 23:12 | Construir | Town Center |
| 23:20 | Crear | Villager (Male) |
| 23:21 | Crear | Villager (Male) |
| 23:21 | Crear | Villager (Male) |
| 23:22 | Crear | Villager (Male) |
| 23:22 | Crear | Villager (Male) |
| 23:23 | Crear | Villager (Male) |
| 23:23 | Crear | Villager (Male) |
| 23:43 | Investigar | Hand Cart |
| 23:49 | Crear | Villager (Male) |
| 23:52 | Construir | Farm |
| 23:57 | Construir | House |
| 23:58 | Construir | House |
| 24:12 | Crear | Villager (Male) |
| 24:13 | Crear | Villager (Male) |
| 24:13 | Crear | Villager (Male) |
| 24:13 | Crear | Villager (Male) |
| 24:40 | Crear | Villager (Male) |
| 24:40 | Crear | Villager (Male) |
| 24:41 | Crear | Villager (Male) |
| 24:41 | Crear | Villager (Male) |
| 24:41 | Crear | Villager (Male) |
| 24:42 | Crear | Villager (Male) |
| 24:50 | Construir | Farm |
| 24:52 | Construir | Farm |
| 24:53 | Construir | Farm |
| 24:55 | Construir | Farm |
| 24:56 | Construir | Farm |
| 25:03 | Construir | Farm |
| 25:04 | Construir | Farm |
| 25:10 | Construir | Farm |
| 25:12 | Crear | Villager (Male) |
| 25:12 | Crear | Villager (Male) |
| 25:12 | Crear | Villager (Male) |
| 25:13 | Crear | Villager (Male) |
Build order — @_gatilho
Primeras 150 de 186 acciones detectadas
| 1:40 | Crear | Villager (Male) |
| 1:41 | Crear | Villager (Male) |
| 1:42 | Crear | Villager (Male) |
| 2:36 | Construir | Palisade Wall |
| 2:54 | Construir | House |
| 3:14 | Investigar | Loom |
| 3:36 | Construir | Palisade Wall |
| 3:51 | Construir | Barracks |
| 4:43 | Crear | Villager (Male) |
| 4:43 | Crear | Villager (Male) |
| 4:44 | Crear | Villager (Male) |
| 4:44 | Crear | Villager (Male) |
| 6:19 | Construir | House |
| 6:55 | Construir | Mill |
| 7:49 | Crear | Villager (Male) |
| 7:52 | Crear | Villager (Male) |
| 8:28 | Construir | Mining Camp |
| 9:12 | Crear | Villager (Male) |
| 9:12 | Crear | Villager (Male) |
| 11:15 | Construir | Lumber Camp |
| 11:25 | Crear | Villager (Male) |
| 11:26 | Crear | Villager (Male) |
| 11:26 | Crear | Villager (Male) |
| 11:26 | Crear | Villager (Male) |
| 11:26 | Crear | Villager (Male) |
| 11:27 | Crear | Villager (Male) |
| 11:46 | Construir | House |
| 11:52 | Construir | House |
| 12:54 | Construir | Mining Camp |
| 14:51 | Construir | Farm |
| 14:55 | Construir | Farm |
| 14:59 | Construir | Farm |
| 15:05 | Construir | Farm |
| 15:11 | Construir | Farm |
| 15:56 | Construir | Farm |
| 16:27 | Construir | Farm |
| 16:52 | Investigar | Feudal Age |
| 18:26 | Construir | House |
| 18:27 | Construir | House |
| 18:29 | Construir | House |
| 18:32 | Construir | House |
| 19:02 | Edad | Edad Feudal |
| 19:24 | Crear | Villager (Male) |
| 19:25 | Crear | Villager (Male) |
| 19:25 | Crear | Villager (Male) |
| 19:26 | Crear | Villager (Male) |
| 19:26 | Crear | Villager (Male) |
| 19:26 | Crear | Villager (Male) |
| 19:27 | Crear | Villager (Male) |
| 19:54 | Investigar | Horse Collar |
| 21:37 | Construir | Town Center |
| 22:13 | Investigar | Stone Mining |
| 22:14 | Investigar | Gold Mining |
| 24:44 | Construir | Stable |
| 24:51 | Construir | Archery Range |
| 25:21 | Crear | Villager (Male) |
| 25:22 | Crear | Villager (Male) |
| 25:22 | Crear | Villager (Male) |
| 25:23 | Crear | Villager (Male) |
| 25:23 | Crear | Villager (Male) |
| 25:23 | Crear | Villager (Male) |
| 25:24 | Crear | Villager (Male) |
| 25:24 | Crear | Villager (Male) |
| 25:24 | Crear | Villager (Male) |
| 25:24 | Crear | Villager (Male) |
| 25:25 | Crear | Villager (Male) |
| 25:25 | Crear | Villager (Male) |
| 26:02 | Construir | Farm |
| 27:37 | Construir | Farm |
| 27:47 | Construir | Farm |
| 28:19 | Construir | Farm |
| 28:37 | Investigar | Double-Bit Axe |
| 29:28 | Construir | House |
| 29:31 | Construir | House |
| 29:33 | Construir | House |
| 29:41 | Construir | House |
| 29:51 | Construir | House |
| 30:04 | Construir | Farm |
| 30:09 | Construir | Farm |
| 31:39 | Investigar | Castle Age |
| 32:33 | Construir | House |
| 32:38 | Construir | House |
| 32:44 | Construir | House |
| 33:09 | Construir | Mining Camp |
| 33:26 | Construir | Lumber Camp |
| 33:38 | Investigar | Wheelbarrow |
| 34:06 | Construir | House |
| 34:11 | Construir | House |
| 34:14 | Construir | House |
| 34:19 | Edad | Edad de los Castillos |
| 34:20 | Construir | House |
| 34:23 | Construir | House |
| 34:26 | Construir | House |
| 34:35 | Crear | Villager (Male) |
| 34:36 | Crear | Villager (Male) |
| 34:37 | Crear | Villager (Male) |
| 34:37 | Crear | Villager (Male) |
| 34:37 | Crear | Villager (Male) |
| 34:38 | Crear | Villager (Male) |
| 34:38 | Crear | Villager (Male) |
| 35:08 | Investigar | Heavy Plow |
| 35:17 | Construir | Farm |
| 35:40 | Construir | Castle |
| 36:45 | Construir | Farm |
| 37:29 | Crear | Villager (Male) |
| 37:30 | Crear | Villager (Male) |
| 37:30 | Crear | Villager (Male) |
| 37:30 | Crear | Villager (Male) |
| 37:30 | Crear | Villager (Male) |
| 37:31 | Crear | Villager (Male) |
| 37:31 | Crear | Villager (Male) |
| 37:31 | Crear | Villager (Male) |
| 37:32 | Crear | Villager (Male) |
| 37:32 | Crear | Villager (Male) |
| 37:32 | Crear | Villager (Male) |
| 37:33 | Crear | Villager (Male) |
| 37:33 | Crear | Villager (Male) |
| 38:17 | Construir | Castle |
| 38:35 | Construir | Mining Camp |
| 39:23 | Construir | Blacksmith |
| 39:28 | Construir | Market |
| 40:46 | Construir | Dock |
| 40:57 | Investigar | Crossbowman (upgrade) |
| 40:58 | Investigar | Thumb Ring |
| 41:14 | Crear | Fire Galley |
| 41:14 | Crear | Fire Galley |
| 41:14 | Crear | Fire Galley |
| 41:14 | Crear | Fire Galley |
| 42:13 | Construir | Siege Workshop |
| 44:31 | Construir | Town Center |
| 44:38 | Investigar | Imperial Age |
| 44:49 | Investigar | Forging |
| 44:50 | Investigar | Scale Mail Armor |
| 46:09 | Construir | Siege Workshop |
| 46:28 | Crear | Kipchak |
| 46:29 | Crear | Kipchak |
| 46:30 | Crear | Kipchak |
| 46:30 | Crear | Kipchak |
| 46:31 | Crear | Kipchak |
| 46:31 | Crear | Kipchak |
| 47:48 | Edad | Edad Imperial |
| 47:49 | Construir | Stable |
| 48:06 | Construir | Barracks |
| 48:12 | Construir | Farm |
| 48:48 | Construir | Castle |
| 52:34 | Construir | Lumber Camp |
| 54:30 | Construir | Town Center |
| 56:31 | Construir | Town Center |
| 56:58 | Crear | Villager (Male) |
| 56:59 | Crear | Villager (Male) |
Build order — Shark
Primeras 150 de 330 acciones detectadas
| 0:07 | Crear | Villager (Male) |
| 0:08 | Crear | Villager (Male) |
| 0:34 | Construir | Palisade Wall |
| 0:46 | Construir | Palisade Wall |
| 1:46 | Construir | House |
| 1:49 | Construir | House |
| 2:09 | Construir | House |
| 2:12 | Construir | House |
| 2:15 | Construir | House |
| 2:36 | Construir | House |
| 2:38 | Construir | House |
| 2:46 | Crear | Villager (Male) |
| 2:46 | Crear | Villager (Male) |
| 2:47 | Crear | Villager (Male) |
| 2:47 | Crear | Villager (Male) |
| 4:19 | Crear | Villager (Male) |
| 4:29 | Crear | Villager (Male) |
| 4:30 | Crear | Villager (Male) |
| 4:53 | Crear | Villager (Male) |
| 4:54 | Crear | Villager (Male) |
| 5:25 | Crear | Villager (Male) |
| 5:25 | Crear | Villager (Male) |
| 6:12 | Crear | Villager (Male) |
| 6:12 | Crear | Villager (Male) |
| 6:46 | Construir | Lumber Camp |
| 7:13 | Crear | Villager (Male) |
| 7:13 | Crear | Villager (Male) |
| 8:01 | Construir | Palisade Wall |
| 8:33 | Crear | Villager (Male) |
| 8:33 | Crear | Villager (Male) |
| 8:33 | Crear | Villager (Male) |
| 8:45 | Construir | Farm |
| 8:46 | Construir | Farm |
| 8:47 | Construir | Farm |
| 8:48 | Construir | Farm |
| 8:49 | Construir | Farm |
| 9:49 | Construir | Dock |
| 10:18 | Crear | Villager (Male) |
| 10:32 | Construir | Farm |
| 10:34 | Crear | Villager (Male) |
| 10:34 | Crear | Villager (Male) |
| 10:44 | Crear | Fishing Ship |
| 11:20 | Crear | Villager (Male) |
| 11:26 | Crear | Fishing Ship |
| 11:40 | Construir | Farm |
| 12:07 | Construir | Farm |
| 12:23 | Crear | Villager (Male) |
| 12:34 | Construir | Farm |
| 13:09 | Investigar | Loom |
| 13:16 | Investigar | Feudal Age |
| 13:50 | Construir | Palisade Wall |
| 14:52 | Construir | Barracks |
| 15:05 | Construir | Farm |
| 15:26 | Crear | Villager (Male) |
| 15:26 | Crear | Villager (Male) |
| 15:42 | Construir | Mining Camp |
| 15:44 | Edad | Edad Feudal |
| 15:55 | Construir | House |
| 15:56 | Construir | House |
| 15:59 | Crear | Spearman |
| 15:59 | Crear | Spearman |
| 15:59 | Crear | Spearman |
| 16:51 | Construir | Stone Wall |
| 17:07 | Crear | Villager (Male) |
| 17:08 | Crear | Villager (Male) |
| 17:13 | Construir | House |
| 17:17 | Investigar | Wheelbarrow |
| 17:32 | Construir | Stone Wall |
| 17:49 | Construir | Stone Wall |
| 18:05 | Investigar | Double-Bit Axe |
| 18:14 | Construir | Mill |
| 18:16 | Investigar | Gold Mining |
| 18:19 | Crear | Villager (Male) |
| 18:19 | Crear | Villager (Male) |
| 18:28 | Investigar | Man-at-Arms (upgrade) |
| 18:31 | Crear | Fishing Ship |
| 18:33 | Investigar | Tech 906 |
| 18:55 | Investigar | Horse Collar |
| 18:59 | Crear | Villager (Male) |
| 18:59 | Crear | Villager (Male) |
| 19:10 | Construir | Stone Wall |
| 19:17 | Construir | Farm |
| 19:21 | Crear | Villager (Male) |
| 19:21 | Crear | Villager (Male) |
| 19:21 | Crear | Villager (Male) |
| 19:46 | Construir | House |
| 19:48 | Construir | House |
| 21:07 | Crear | Villager (Male) |
| 21:07 | Crear | Villager (Male) |
| 21:22 | Crear | Villager (Male) |
| 21:31 | Construir | Market |
| 21:34 | Crear | Villager (Male) |
| 21:35 | Crear | Villager (Male) |
| 21:44 | Construir | House |
| 21:45 | Construir | House |
| 21:46 | Construir | House |
| 22:11 | Crear | Militia |
| 22:34 | Crear | Villager (Male) |
| 22:35 | Crear | Villager (Male) |
| 22:44 | Crear | Militia |
| 22:45 | Crear | Militia |
| 22:50 | Crear | Fishing Ship |
| 23:01 | Construir | Blacksmith |
| 23:14 | Crear | Militia |
| 23:14 | Crear | Militia |
| 23:14 | Crear | Militia |
| 23:14 | Crear | Militia |
| 23:52 | Construir | Stable |
| 23:56 | Investigar | Scale Mail Armor |
| 24:03 | Construir | Farm |
| 24:09 | Construir | Fish Trap |
| 24:10 | Construir | Fish Trap |
| 24:11 | Construir | Fish Trap |
| 24:12 | Construir | Fish Trap |
| 24:20 | Investigar | Arson |
| 24:21 | Crear | Militia |
| 24:22 | Crear | Militia |
| 25:00 | Construir | Archery Range |
| 25:05 | Investigar | Castle Age |
| 25:12 | Crear | Fishing Ship |
| 25:20 | Crear | Trade Cart |
| 25:20 | Crear | Trade Cart |
| 25:50 | Crear | Militia |
| 25:51 | Crear | Militia |
| 25:55 | Crear | Trade Cart |
| 25:55 | Crear | Trade Cart |
| 26:00 | Construir | Fish Trap |
| 26:45 | Crear | Trade Cart |
| 26:46 | Crear | Trade Cart |
| 26:46 | Crear | Trade Cart |
| 27:03 | Investigar | Forging |
| 27:07 | Crear | Archer |
| 27:07 | Crear | Archer |
| 27:07 | Crear | Archer |
| 27:07 | Crear | Archer |
| 27:36 | Crear | Villager (Male) |
| 27:37 | Crear | Villager (Male) |
| 27:37 | Crear | Villager (Male) |
| 27:43 | Construir | House |
| 27:44 | Construir | House |
| 27:45 | Edad | Edad de los Castillos |
| 27:46 | Construir | House |
| 28:06 | Construir | Farm |
| 28:59 | Investigar | Bow Saw |
| 29:41 | Construir | Town Center |
| 30:05 | Investigar | Crossbowman (upgrade) |
| 30:09 | Investigar | Heavy Plow |
| 30:10 | Investigar | Heavy Plow |
| 30:19 | Investigar | Caravan |
| 30:22 | Investigar | Fletching |
Cronología de la partida
| 0:34 | Shark · wall_segment Palisade Wall x9 |
| 0:46 | Shark · wall_segment Palisade Wall x7 |
| 1:07 | Schöni · wall_segment Palisade Wall x3 |
| 1:30 | friend · wall_segment Palisade Wall x9 |
| 1:33 | Long Pause · wall_segment Palisade Wall x9 |
| 1:34 | Schöni · wall_segment Palisade Wall x4 |
| 1:43 | Long Pause · wall_segment Palisade Wall x15 |
| 2:36 | @_gatilho · wall_segment Palisade Wall x6 |
| 2:37 | Schöni · wall_segment Palisade Wall x2 |
| 3:22 | Schöni · wall_segment Palisade Wall x2 |
| 3:36 | @_gatilho · wall_segment Palisade Wall x4 |
| 3:51 | @_gatilho · first_building Barracks |
| 5:54 | Rwibby · first_building Dock |
| 7:06 | Long Pause · first_building Barracks |
| 8:01 | Shark · wall_segment Palisade Wall x9 |
| 8:28 | Rwibby · first_building Barracks |
| 9:49 | Shark · first_building Dock |
| 10:52 | Long Pause · wall_segment Palisade Wall x2 |
| 10:53 | Schöni · first_building Barracks |
| 10:54 | Long Pause · wall_segment Palisade Wall x4 |
| 11:28 | Pugilist7307 · first_building Barracks |
| 12:36 | Rwibby · age_up feudal |
| 12:43 | Long Pause · wall_segment Palisade Wall x14 |
| 13:00 | ary_vamc97 · age_up feudal |
| 13:29 | Rwibby · wall_segment Stone Wall x13 |
| 13:50 | Shark · wall_segment Palisade Wall x10 |
| 14:20 | Schöni · age_up feudal |
| 14:36 | ary_vamc97 · first_market_sell 100 stone |
| 14:40 | ary_vamc97 · first_market_buy 100 food |
| 14:52 | Shark · first_building Barracks |
| 15:44 | Shark · age_up feudal |
| 15:48 | friend · first_building Dock |
| 15:50 | Pugilist7307 · first_building Stable |
| 16:22 | Long Pause · first_building Dock |
| 16:30 | Rwibby · first_building Stable |
| 16:51 | Shark · wall_segment Stone Wall x1 |
| 17:13 | friend · age_up feudal |
| 17:15 | Long Pause · age_up feudal |
| 17:19 | Long Pause · first_building Stable |
| 17:27 | ary_vamc97 · age_up castle |
| 17:32 | Shark · wall_segment Stone Wall x1 |
| 17:49 | Shark · wall_segment Stone Wall x10 |
| 18:45 | Schöni · wall_segment Stone Wall x4 |
| 18:56 | Schöni · wall_segment Stone Wall x3 |
| 19:02 | @_gatilho · age_up feudal |
| 19:02 | Schöni · wall_segment Stone Wall x11 |
| 19:03 | Long Pause · wall_segment Stone Wall x11 |
| 19:10 | Shark · wall_segment Stone Wall x7 |
| 19:33 | Rwibby · first_market_buy 100 wood |
| 20:08 | Rwibby · first_market_sell 100 wood |
| 21:02 | Long Pause · wall_segment Stone Wall x2 |
| 21:04 | Long Pause · wall_segment Stone Wall x2 |
| 21:08 | Long Pause · wall_segment Stone Wall x3 |
| 21:56 | Schöni · age_up castle |
| 23:11 | friend · first_building Barracks |
| 23:52 | Shark · first_building Stable |
| 24:28 | friend · first_building Archery Range |
| 24:44 | @_gatilho · first_building Stable |
| 24:51 | @_gatilho · first_building Archery Range |
| 24:56 | Schöni · first_building Monastery |
| 25:00 | Shark · first_building Archery Range |
| 25:23 | friend · first_building Stable |
| 25:37 | friend · age_up castle |
| 25:45 | ary_vamc97 · first_building Castle |
| 26:04 | Long Pause · wall_segment Stone Wall x12 |
| 26:15 | friend · first_building Monastery |
| 27:24 | Schöni · first_building Stable |
| 27:30 | Pugilist7307 · first_building Monastery |
| 27:31 | ary_vamc97 · first_building Siege Workshop |
| 27:45 | Shark · age_up castle |
| 27:48 | ary_vamc97 · first_building Barracks |
| 29:02 | Long Pause · wall_segment Stone Wall x10 |
| 29:57 | Pugilist7307 · first_building Siege Workshop |
| 30:09 | Pugilist7307 · first_building Castle |
| 30:42 | Rwibby · age_up castle |
| 30:53 | ary_vamc97 · first_building Stable |
| 31:20 | Schöni · first_building Castle |
| 32:41 | Long Pause · wall_segment Stone Wall x4 |
| 32:44 | Long Pause · wall_segment Stone Wall x2 |
| 32:45 | Long Pause · wall_segment Stone Wall x6 |
| 33:14 | ary_vamc97 · age_up imperial |
| 33:18 | Rwibby · first_building Monastery |
| 33:20 | Schöni · first_building Archery Range |
| 33:29 | Shark · first_building Monastery |
| 34:06 | Schöni · first_building Siege Workshop |
| 34:19 | @_gatilho · age_up castle |
| 34:42 | friend · first_building Castle |
| 34:55 | Shark · wall_segment Stone Wall x10 |
| 35:11 | Rwibby · first_building Castle |
| 35:18 | Schöni · first_building Dock |
| 35:40 | @_gatilho · first_building Castle |
| 35:52 | Shark · wall_segment Stone Wall x2 |
| 37:41 | Schöni · age_up imperial |
| 38:03 | Shark · first_market_buy 100 stone |
| 38:07 | Long Pause · age_up castle |
| 38:17 | Shark · first_building Castle |
| 38:29 | Long Pause · first_building Castle |
| 40:21 | Shark · age_up imperial |
| 40:39 | Long Pause · first_building Siege Workshop |
| 40:40 | friend · age_up imperial |
| 40:46 | @_gatilho · first_building Dock |
| 42:13 | @_gatilho · first_building Siege Workshop |
| 42:26 | friend · first_building Siege Workshop |
| 43:17 | Long Pause · age_up imperial |
| 44:26 | friend · wall_segment Stone Wall x19 |
| 47:48 | @_gatilho · age_up imperial |
| 48:09 | Rwibby · age_up imperial |
| 48:14 | friend · wall_segment Stone Wall x20 |
| 53:31 | Long Pause · wall_segment Stone Wall x20 |
| 58:47 | Long Pause · wall_segment Stone Wall x4 |
| 61:30 | Long Pause · wall_segment Stone Wall x9 |
| 61:40 | Long Pause · wall_segment Stone Wall x10 |
| 64:06 | Pugilist7307 · wall_segment Stone Wall x3 |
| 64:34 | Shark · first_market_sell 500 wood |
| 65:48 | Pugilist7307 · resign |
[ ANÁLISIS IA · 1 CRÉDITO ]
¿Qué pasó realmente en esta partida?
Wolo.gg analiza cada decisión: build order, eco, micro, errores típicos por bracket. Análisis personalizado por WhatsApp o Discord en 30 segundos.
Guía civ
Españoles
Perfil
Jugador #17075705